TOP OF THE 1ST |
Louisville Bats batting - Pitching for Indianapolis Indians : RHP Curt Campbell
|
Pitching: RHP Curt Campbell
|
|
Batting: RHB Takanibu Kaneshiro
|
0-0: SINGLE (Groundball, 25, EV 72.5 MPH) (infield hit)
|
Batting: RHB Bruno André
|
0-0: Ball 1-0: Swinging Strike 1-1: Called Strike Takanibu Kaneshiro steals 2nd base 1-2: Ball 2-2: Strikes out swinging
|
Batting: LHB Jamie Spangenberg
|
0-0: Called Strike 0-1: Ball 1-1: Swinging Strike 1-2: Ball 2-2: Foul Ball, location: 2F 2-2: Fly out, F8 (Flyball, 8RD, EV 83.8 MPH) Runner from 2nd tags up, SAFE at 3rd with throw by CF
|
Batting: RHB Juan Reyes
|
0-0: Ball 1-0: Fly out, F7 (Flyball, 7LS, EV 93.8 MPH)
|
Top of the 1st over - 0 runs, 1 hit, 0 errors, 1 left on base; Louisville 0 - Indianapolis 0 |
BOTTOM OF THE 1ST |
Indianapolis Indians batting - Pitching for Louisville Bats : RHP Matt Johnson
|
Pitching: RHP Matt Johnson
|
|
Batting: RHB Bubba Tierney
|
0-0: Called Strike 0-1: SINGLE (Groundball, 34D, EV 103.8 MPH)
|
Batting: LHB Jorge Quintana
|
0-0: Called Strike 0-1: Ground out 4-3 (Groundball, 34S, EV 82.5 MPH) Bubba Tierney to second
|
Batting: LHB Edwin Aguilar
|
0-0: Ball 1-0: Fly out, F8 (Line Drive, 89S, EV 93.1 MPH)
|
Batting: RHB Alain Marquet
|
0-0: Called Strike 0-1: Ball 1-1: Foul Ball, location: 2F 1-2: Ball 2-2: Strikes out looking
|
Bottom of the 1st over - 0 runs, 1 hit, 0 errors, 1 left on base; Louisville 0 - Indianapolis 0 |
TOP OF THE 2ND |
Louisville Bats batting - Pitching for Indianapolis Indians : RHP Curt Campbell
|
Batting: LHB Jared Paige
|
0-0: Called Strike 0-1: Ball 1-1: Fly out, F7 (Flyball, 7S, EV 81.2 MPH)
|
Batting: LHB Leo Gomez
|
0-0: Ball 1-0: Called Strike 1-1: Ball 2-1: SINGLE (Line Drive, 6MD, EV 94.4 MPH)
|
Batting: SHB Paul Sandoval
|
0-0: Ball Leo Gomez steals 2nd base 1-0: Called Strike 1-1: Ball 2-1: Foul Ball, location: 2F 2-2: Strikes out swinging
|
Batting: RHB Danny Real
|
0-0: Called Strike 0-1: Called Strike 0-2: Ground out 6-3 (Groundball, 6, EV 90.0 MPH)
|
Top of the 2nd over - 0 runs, 1 hit, 0 errors, 1 left on base; Louisville 0 - Indianapolis 0 |
BOTTOM OF THE 2ND |
Indianapolis Indians batting - Pitching for Louisville Bats : RHP Matt Johnson
|
Batting: LHB Phil DeCamp
|
0-0: Foul Ball, location: 2F 0-1: Swinging Strike 0-2: SINGLE (Flyball, 8LS, EV 99.4 MPH)
|
Batting: RHB Richard Barrios
|
0-0: Ball 1-0: Ball 2-0: Fly out, F2 (Popup, 23F, EV 89.4 MPH)
|
Batting: LHB Gregg Kellerman
|
0-0: Called Strike 0-1: Ball 1-1: Ball 2-1: Swinging Strike 2-2: Ball 3-2: Strikes out swinging
|
Batting: RHB Hector Barajas
|
0-0: Fly out, F7 (Flyball, 7LSF, EV 81.2 MPH)
|
Bottom of the 2nd over - 0 runs, 1 hit, 0 errors, 1 left on base; Louisville 0 - Indianapolis 0 |
TOP OF THE 3RD |
Louisville Bats batting - Pitching for Indianapolis Indians : RHP Curt Campbell
|
Batting: RHB Steve Bauman
|
0-0: Ball 1-0: Ground out 6-3 (Groundball, 6, EV 85.0 MPH)
|
Batting: RHB Takanibu Kaneshiro
|
0-0: Called Strike 0-1: Ball 1-1: Fly out, F8 (Flyball, 8RD, EV 99.4 MPH)
|
Batting: RHB Bruno André
|
0-0: Foul Ball, location: 2F 0-1: Ground out 5-3 (Groundball, 56, EV 109.4 MPH)
|
Top of the 3rd over - 0 runs, 0 hits, 0 errors, 0 left on base; Louisville 0 - Indianapolis 0 |
BOTTOM OF THE 3RD |
Indianapolis Indians batting - Pitching for Louisville Bats : RHP Matt Johnson
|
Batting: LHB Carlos Vega
|
0-0: Called Strike 0-1: Ball 1-1: Foul Ball, location: 2F 1-2: Ball 2-2: Ball 3-2: DOUBLE (Line Drive, 9LS, EV 95.6 MPH)
|
Batting: RHB Bubba Tierney
|
0-0: Called Strike 0-1: Ball 1-1: Fly out, F5 (Line Drive, 56, EV 72.5 MPH)
|
Pitching: RHP Omar Vinson
|
|
Batting: LHB Jorge Quintana
|
0-0: 2-RUN HOME RUN (Flyball, 9D, EV 95.6 MPH), Distance : 367 ft
|
Batting: LHB Edwin Aguilar
|
0-0: Foul Ball, location: 2F 0-1: Ball 1-1: Foul Ball, location: 2F 1-2: DOUBLE (Flyball, 78D, EV 110.6 MPH)
|
Batting: RHB Alain Marquet
|
0-0: Called Strike 0-1: Ball 1-1: Foul Ball, location: 2F 1-2: SINGLE (Groundball, 6MD, EV 96.9 MPH) Edwin Aguilar to third Runner from 3rd tries for Home, SAFE, throw by CF to home
|
Batting: LHB Phil DeCamp
|
0-0: Ball 1-0: Called Strike 1-1: Ball 2-1: Ball 3-1: Called Strike 3-2: Foul Ball, location: 2F 3-2: Fielders Choice at 2nd, 3-6 (Groundball, 3, EV 84.4 MPH)
|
Batting: RHB Richard Barrios
|
0-0: Ball 1-0: Ball 2-0: Ground out 4-3 (Groundball, 34, EV 96.9 MPH)
|
Bottom of the 3rd over - 3 runs, 4 hits, 0 errors, 1 left on base; Louisville 0 - Indianapolis 3 |
TOP OF THE 4TH |
Louisville Bats batting - Pitching for Indianapolis Indians : RHP Curt Campbell
|
Batting: LHB Jamie Spangenberg
|
0-0: Called Strike 0-1: Swinging Strike 0-2: Ball 1-2: Foul Ball, location: 2F 1-2: Ball 2-2: Fly out, F9 (Flyball, 9, EV 92.5 MPH)
|
Batting: RHB Juan Reyes
|
0-0: Called Strike 0-1: Called Strike 0-2: Strikes out looking
|
Batting: LHB Jared Paige
|
0-0: Ball 1-0: Foul Ball, location: 2F 1-1: Ball 2-1: Called Strike 2-2: Ball 3-2: Foul Ball, location: 2F 3-2: SINGLE (Groundball, 5S, EV 71.2 MPH) (infield hit)
|
Batting: LHB Leo Gomez
|
0-0: Swinging Strike 0-1: Called Strike 0-2: Ground out 4-3 (Groundball, 4D, EV 104.4 MPH)
|
Top of the 4th over - 0 runs, 1 hit, 0 errors, 1 left on base; Louisville 0 - Indianapolis 3 |
BOTTOM OF THE 4TH |
Indianapolis Indians batting - Pitching for Louisville Bats : RHP Omar Vinson
|
Batting: LHB Gregg Kellerman
|
0-0: Ball 1-0: SINGLE (Groundball, 4S, EV 65.6 MPH) (infield hit)
|
Batting: RHB Hector Barajas
|
0-0: Swinging Strike 0-1: Ball 1-1: Swinging Strike 1-2: Strikes out looking
|
Batting: LHB Carlos Vega
|
0-0: Ball 1-0: Ball 2-0: Foul Ball, location: 2F 2-1: Foul Ball, location: 2F 2-2: Foul Ball, location: 2F 2-2: Reached on error, E1 (Groundball, 34S, EV 72.5 MPH) Gregg Kellerman to second
|
Batting: RHB Bubba Tierney
|
0-0: Ball 1-0: Swinging Strike 1-1: Called Strike 1-2: Ball 2-2: Ball 3-2: Base on Balls Gregg Kellerman to third Carlos Vega to second
|
Batting: LHB Jorge Quintana
|
0-0: Ball 1-0: Ball 2-0: Called Strike 2-1: SINGLE (Groundball, 56, EV 95.6 MPH) Gregg Kellerman scores Carlos Vega to third Bubba Tierney to second Runner from 3rd tries for Home, SAFE, throw by LF to home
|
Pitching: RHP Roberto Cortez
|
|
Batting: LHB Edwin Aguilar
|
0-0: Called Strike 0-1: Ball 1-1: SINGLE (Groundball, 4MD, EV 101.2 MPH) Bubba Tierney to third Jorge Quintana to second Runner from 3rd tries for Home, SAFE, throw by CF to home
|
Batting: RHB Alain Marquet
|
0-0: Ball 1-0: Swinging Strike 1-1: SINGLE (Line Drive, 89M, EV 94.4 MPH) Jorge Quintana to third Edwin Aguilar to second
|
Batting: LHB Phil DeCamp
|
0-0: Ball 1-0: Called Strike 1-1: Foul Ball, location: 2F 1-2: Ball 2-2: Foul Ball, location: 2F 2-2: Foul Ball, location: 2F 2-2: Foul Ball, location: 2F 2-2: Ball 3-2: Strikes out looking
|
Batting: RHB Richard Barrios
|
0-0: Ball 1-0: Foul Ball, location: 2F 1-1: SINGLE (Line Drive, 7S, EV 96.2 MPH) Jorge Quintana scores Edwin Aguilar to third Alain Marquet to second Runner from 3rd tries for Home, throw by LF and OUT! 7-2
|
Bottom of the 4th over - 4 runs, 5 hits, 1 error, 2 left on base; Louisville 0 - Indianapolis 7 |
TOP OF THE 5TH |
Louisville Bats batting - Pitching for Indianapolis Indians : RHP Curt Campbell
|
Batting: SHB Paul Sandoval
|
0-0: Ball 1-0: SINGLE (Line Drive, 6MD, EV 100.6 MPH)
|
Batting: RHB Danny Real
|
0-0: Swinging Strike 0-1: Called Strike Paul Sandoval steals 2nd, throwing error, E2 Paul Sandoval to third 0-2: Foul Ball, location: 2F 0-2: Ball 1-2: Foul Ball, location: 2F 1-2: Strikes out swinging
|
Batting: RHB Steve Bauman
|
0-0: Ball 1-0: Ground out 3-1 (Groundball, 34, EV 84.4 MPH) Paul Sandoval scores
|
Batting: RHB Takanibu Kaneshiro
|
0-0: SINGLE (Line Drive, 34, EV 97.5 MPH)
|
Batting: RHB Bruno André
|
0-0: Ball 1-0: Ball Takanibu Kaneshiro steals 2nd base 2-0: Ball 3-0: Called Strike 3-1: Base on Balls
|
Batting: LHB Jamie Spangenberg
|
0-0: Ball 1-0: Ball 2-0: Ball 3-0: Called Strike 3-1: Foul Ball, location: 2F 3-2: Foul Ball, location: 2F 3-2: Base on Balls Takanibu Kaneshiro to third Bruno André to second
|
Batting: RHB Juan Reyes
|
0-0: Ball 1-0: Ball 2-0: Foul Ball, location: 2F 2-1: Foul Ball, location: 2F 2-2: Strikes out looking
|
Top of the 5th over - 1 run, 2 hits, 1 error, 3 left on base; Louisville 1 - Indianapolis 7 |
BOTTOM OF THE 5TH |
Indianapolis Indians batting - Pitching for Louisville Bats : RHP Roberto Cortez
|
Batting: LHB Gregg Kellerman
|
0-0: Foul Ball, location: 2F 0-1: Ground out U3 (Groundball, 34S, EV 91.9 MPH)
|
Batting: RHB Hector Barajas
|
0-0: Ball 1-0: Called Strike 1-1: Swinging Strike 1-2: Ball 2-2: DOUBLE (Line Drive, 7LS, EV 108.1 MPH)
|
Batting: LHB Carlos Vega
|
0-0: Called Strike 0-1: Foul Ball, location: 2F 0-2: Ball 1-2: Ball 2-2: SINGLE (Groundball, 6MD, EV 103.8 MPH) (infield hit) Hector Barajas to third
|
Batting: RHB Bubba Tierney
|
0-0: Swinging Strike 0-1: Ball 1-1: Called Strike 1-2: Ball 2-2: Ball 3-2: SINGLE (Groundball, 56D, EV 100.0 MPH) Hector Barajas scores Carlos Vega to second
|
Batting: LHB Jorge Quintana
|
0-0: Called Strike 0-1: Foul Ball, location: 2F 0-2: Strikes out swinging
|
Batting: LHB Edwin Aguilar
|
0-0: Called Strike 0-1: Ball 1-1: Ball 2-1: Foul Ball, location: 2F 2-2: Strikes out swinging
|
Bottom of the 5th over - 1 run, 3 hits, 0 errors, 2 left on base; Louisville 1 - Indianapolis 8 |
TOP OF THE 6TH |
Louisville Bats batting - Pitching for Indianapolis Indians : RHP Curt Campbell
|
Batting: LHB Jared Paige
|
0-0: Swinging Strike 0-1: Foul Ball, location: 2F 0-2: Ball 1-2: Fly out, F8 (Flyball, 8LXD, EV 106.9 MPH)
|
Batting: LHB Leo Gomez
|
0-0: Ground out 4-3 (Groundball, 4, EV 95.6 MPH)
|
Batting: SHB Paul Sandoval
|
0-0: Foul Ball, location: 2F 0-1: Ball 1-1: SOLO HOME RUN (Flyball, 89XD, EV 100.0 MPH), Distance : 397 ft
|
Batting: RHB Danny Real
|
0-0: Called Strike 0-1: Ball 1-1: Ball 2-1: Fly out, F3 (Popup, 3L, EV 61.2 MPH)
|
Top of the 6th over - 1 run, 1 hit, 0 errors, 0 left on base; Louisville 2 - Indianapolis 8 |
BOTTOM OF THE 6TH |
Indianapolis Indians batting - Pitching for Louisville Bats : RHP Roberto Cortez
|
Batting: RHB Alain Marquet
|
0-0: Foul Ball, location: 2F 0-1: Called Strike 0-2: SINGLE (Groundball, 56D, EV 105.0 MPH)
|
Pitching: RHP Ken Armstrong
|
|
Batting: LHB Phil DeCamp
|
0-0: Foul Ball, location: 2F 0-1: SINGLE (Groundball, 6MD, EV 103.8 MPH) Alain Marquet to second Alain Marquet to third
|
Batting: RHB Richard Barrios
|
0-0: Called Strike 0-1: Foul Ball, location: 2F 0-2: Fielders Choice at 2nd, 1-6 (Groundball, 13S, EV 73.8 MPH)
|
Batting: LHB Gregg Kellerman
|
0-0: Called Strike 0-1: Called Strike 0-2: Strikes out looking
|
Batting: RHB Hector Barajas
|
0-0: Ball 1-0: Ball 2-0: Swinging Strike 2-1: Swinging Strike 2-2: Strikes out swinging
|
Bottom of the 6th over - 0 runs, 2 hits, 0 errors, 2 left on base; Louisville 2 - Indianapolis 8 |
TOP OF THE 7TH |
Louisville Bats batting - Pitching for Indianapolis Indians : RHP Curt Campbell
|
Batting: RHB Steve Bauman
|
0-0: SINGLE (Groundball, 4MD, EV 106.2 MPH)
|
Batting: RHB Takanibu Kaneshiro
|
0-0: Ball 1-0: Swinging Strike 1-1: Foul Ball, location: 2F 1-2: Strikes out swinging
|
Batting: RHB Bruno André
|
0-0: Called Strike 0-1: Fly out, F8 (Flyball, 89XD, EV 85.0 MPH)
|
Pitching: RHP Justin Ashton
|
|
Batting: LHB Jamie Spangenberg
|
0-0: SINGLE (Groundball, 34D, EV 95.6 MPH) Steve Bauman to second Runner from 2nd tries for 3rd, SAFE, throw by RF made to third Jamie Spangenberg to second
|
Batting: RHB Juan Reyes
|
0-0: Foul Ball, location: 2F 0-1: Swinging Strike 0-2: Ball 1-2: Ground out 6-3 (Groundball, 6, EV 91.9 MPH)
|
Top of the 7th over - 0 runs, 2 hits, 0 errors, 2 left on base; Louisville 2 - Indianapolis 8 |
BOTTOM OF THE 7TH |
Indianapolis Indians batting - Pitching for Louisville Bats : RHP Ken Armstrong
|
Batting: LHB Carlos Vega
|
0-0: Called Strike 0-1: Ball 1-1: Ball 2-1: Foul Ball, location: 2F 2-2: SOLO HOME RUN (Flyball, 7D, EV 103.8 MPH), Distance : 395 ft
|
Batting: RHB Bubba Tierney
|
0-0: Ball 1-0: Ball 2-0: Foul Ball, location: 2F 2-1: Called Strike 2-2: DOUBLE (Line Drive, 3D, EV 97.5 MPH)
|
Batting: LHB Jorge Quintana
|
0-0: Swinging Strike 0-1: SINGLE (Line Drive, 8LS, EV 106.2 MPH) Bubba Tierney to third Runner from 3rd tries for Home, SAFE, throw by CF to home
|
Batting: LHB Edwin Aguilar
|
0-0: Called Strike 0-1: Ball 1-1: Swinging Strike 1-2: Foul Ball, location: 2F 1-2: Strikes out swinging
|
Batting: RHB Alain Marquet
|
0-0: Ball 1-0: Ball 2-0: Ball 3-0: Called Strike 3-1: Grounds into double play, 6-4-3 (Groundball, 6, EV 82.5 MPH)
|
Bottom of the 7th over - 2 runs, 3 hits, 0 errors, 0 left on base; Louisville 2 - Indianapolis 10 |
TOP OF THE 8TH |
Louisville Bats batting - Pitching for Indianapolis Indians : RHP Justin Ashton
|
Batting: LHB Jared Paige
|
0-0: Called Strike 0-1: Fly out, F9 (Flyball, 9, EV 86.9 MPH)
|
Batting: LHB Leo Gomez
|
0-0: Called Strike 0-1: Called Strike 0-2: Ball 1-2: Foul Ball, location: 2F 1-2: Ground out 4-3 (Groundball, 4, EV 104.4 MPH)
|
Batting: SHB Paul Sandoval
|
0-0: Called Strike 0-1: Ground out 6-3 (Groundball, 6, EV 103.1 MPH)
|
Top of the 8th over - 0 runs, 0 hits, 0 errors, 0 left on base; Louisville 2 - Indianapolis 10 |
BOTTOM OF THE 8TH |
Indianapolis Indians batting - Pitching for Louisville Bats : RHP Ken Armstrong
|
Batting: LHB Phil DeCamp
|
0-0: Called Strike 0-1: Called Strike 0-2: Ball 1-2: Ball 2-2: Ball 3-2: Foul Ball, location: 2F 3-2: Strikes out looking
|
Batting: RHB Richard Barrios
|
0-0: Foul Ball, location: 2F 0-1: Ball 1-1: SINGLE (Groundball, 6D, EV 94.4 MPH)
|
Pitching: RHP Ragnar Alqvist
|
|
Batting: LHB Gregg Kellerman
|
Balk! Richard Barrios to second 0-0: Ball 1-0: Called Strike 1-1: Swinging Strike 1-2: Ball 2-2: Ball 3-2: Strikes out swinging
|
Batting: RHB Hector Barajas
|
0-0: Called Strike 0-1: Foul Ball, location: 2F 0-2: Strikes out swinging
|
Bottom of the 8th over - 0 runs, 1 hit, 0 errors, 1 left on base; Louisville 2 - Indianapolis 10 |
TOP OF THE 9TH |
Louisville Bats batting - Pitching for Indianapolis Indians : RHP Justin Ashton
|
Batting: RHB Danny Real
|
0-0: Called Strike 0-1: Called Strike 0-2: Foul Ball, location: 2F 0-2: Ball 1-2: Fly out, F8 (Flyball, 8RXD, EV 88.1 MPH)
|
Batting: RHB Steve Bauman
|
0-0: Called Strike 0-1: Foul Ball, location: 2F 0-2: Strikes out looking
|
Pinch Hitting: SHB Tim Utz
|
0-0: Swinging Strike 0-1: Foul Ball, location: 2F 0-2: Strikes out swinging
|
Top of the 9th over - 0 runs, 0 hits, 0 errors, 0 left on base; Louisville 2 - Indianapolis 10 |
|